 Dungeon Crawl Stone Soup version 0.26.0-45-g9c1d065592 (webtiles) character file.

Game seed: 12637996989747507061

434 kaeus the Sneak (level 7, -2/41 HPs)
             Began as an Octopode Enchanter on Jan 29, 2021.
             Slain by Pikel
             ... wielding a +2 whip of flaming
              (3 damage)
             ... on level 5 of the Dungeon.
             The game lasted 00:04:23 (5623 turns).

kaeus the Sneak (Octopode Enchanter)                Turns: 5623, Time: 00:04:24

Health: -2/41      AC:  1    Str:  4 (7)  XL:     7   Next: 0%
Magic:  0/12       EV: 14    Int: 14 (17) God:
Gold:   230        SH:  0    Dex: 13 (15) Spells: 11/12 levels left

rFire    . . .     SeeInvis .   p - +2 dagger (venom)
rCold    . . .     Faith    .   (no shield)
rNeg     . . .     Spirit   +   (helmet restricted)
rPois    .         Reflect  .   o - amulet of guardian spirit
rElec    .         Harm     .   (no ring)
rCorr    .         Rampage  .   (no ring)
Will     .....                  (no ring)
Stlth    ++++......             (no ring)
HPRegen  0.13/turn              (no ring)
MPRegen  0.13/turn              (no ring)
                                (no ring)
                                (no ring)

@: hasted, very quick
A: almost no armour, stealthy swim, amphibious, 8 rings, constrict 8, camouflage
1, gelatinous body 1
a: no special abilities


You were on level 5 of the Dungeon.
You visited 1 branch of the dungeon, and saw 5 of its levels.

You collected 230 gold pieces.

Inventory:

Hand Weapons
 p - a +2 dagger of venom (weapon)
Missiles
 q - 13 poisoned darts
Jewellery
 o - an amulet of guardian spirit (around mantle)
Scrolls
 c - a scroll of identify
 f - 2 scrolls of teleportation
 i - a scroll of magic mapping {unknown}
 k - 2 scrolls of remove curse
 n - 2 scrolls of amnesia
Potions
 b - 2 potions of magic {unknown}
 d - 4 potions of curing {unknown}
 e - a potion of haste
 g - a potion of berserk rage {unknown}
 h - a potion of brilliance {unknown}
 j - a potion of degeneration
 l - a potion of heal wounds {unknown}
 m - a potion of mutation {unknown}


   Skills:
 + Level 3.1 Short Blades
 + Level 3.5 Dodging
 + Level 6.0 Stealth
 + Level 3.4 Spellcasting
 + Level 4.3 Hexes


You had 11 spell levels left.
You knew the following spells:

 Your Spells              Type           Power        Failure   Level
a - Corona                Hex            15%          3%          1

Your spell library contained the following spells:

 Spells                   Type           Power        Failure   Level
 Confusing Touch          Hex            14%          11%         3
 Tukima's Dance           Hex            14%          11%         3
 Ensorcelled Hibernation  Hex/Ice        16%          13%         2
 Dazzling Flash           Conj/Hex       16%          26%         3


Dungeon Overview and Level Annotations

Branches:
Dungeon (5/15)
 Temple: D:4-7

Altars:
Wu Jian

Annotations:
D:5 3 runed translucent doors, Figureslego113's ghost, novice HuFi; Pikel


Innate Abilities, Weirdness & Mutations

You cannot wear most types of armour.
You are very stealthy in the water. (Stealth+)
You are amphibious.
You can wear up to eight rings at the same time.
You can use your tentacles to constrict eight enemies at once.
Your skin changes colour to match your surroundings (Stealth+).
Your rubbery body absorbs attacks. (AC +1, EV +1)


Message History

You barely miss Pikel. You grab Pikel. You constrict Pikel.
Pikel hits you with a +2 whip of flaming!
Pikel burns you.
* * * LOW HITPOINT WARNING * * *
Pikel misses you.
You take 8 damage, and have 11/41 hp.
You now have 4/12 mp.
It was a potion of degeneration.
There was something very wrong with that liquid.
You feel weakened.
You feel dopey.
You feel clumsy.
You constrict Pikel.
Pikel hits you with a +2 whip of flaming.
* * * LOW HITPOINT WARNING * * *
Pikel burns you.
You take 2 damage, and have 9/41 hp.
You now have 2/12 mp.
You feel yourself speed up.
You constrict Pikel, but do no damage. Pikel barely misses you.
Pikel hits you with a +2 whip of flaming!
* * * LOW HITPOINT WARNING * * *
Pikel burns you.
You die...

##..# .... #..#
###..######.+..#.
#.[Z5.......+...W #5#
#.+..# #5# #.#... .
#K# #.#. ...
#@######.#######
###.##.##.........[..
......[.......<.......
.##.###.........######
####......# #.........
#####.#### #.# #.#


You could see Pikel (fast), 3 lemures and an adder skeleton.

Vanquished Creatures
  A lemure (D:5)
  A howler monkey (D:4)
  3 hounds
  Crazy Yiuf (D:2)
  An iguana (D:4)
  An orc wizard (D:4)
  2 worker ants (D:4)
  Robin (D:3)
  6 adders
  An ooze (D:3)
  3 worms
  A dart slug (D:2)
  3 leopard geckos
  8 orcs
  4 bats
  4 giant cockroaches
  17 goblins
  12 hobgoblins
  6 jackals (D:3)
  2 quokkas (D:4)
  2 ball pythons (D:3)
  4 frilled lizards
  5 kobolds
  7 rats
96 creatures vanquished.

Notes
Turn   | Place    | Note
-------+----------+-------------------------------------------
     0 | D:1      | kaeus the Octopode Enchanter began the quest for the Orb.
     0 | D:1      | Reached XP level 1. HP: 11/11 MP: 3/3
   658 | D:1      | Reached XP level 2. HP: 8/17 MP: 5/5
  1344 | D:2      | Found an ornate altar of the Wu Jian Council.
  1430 | D:2      | Reached XP level 3. HP: 21/21 MP: 6/6
  1601 | D:2      | Found a runed translucent door.
  1602 | D:2      | Noticed Crazy Yiuf
  1839 | D:2      | Killed Crazy Yiuf
  1840 | D:2      | Reached XP level 4. HP: 27/27 MP: 7/7
  2534 | D:3      | Reached skill level 5 in Stealth
  2637 | D:3      | Noticed Robin
  2858 | D:3      | Reached XP level 5. HP: 25/31 MP: 6/9
  3269 | D:3      | Killed Robin
  4380 | D:4      | Reached XP level 6. HP: 28/36 MP: 7/10
  5439 | D:4      | Reached skill level 6 in Stealth
  5594 | D:5      | Entered Level 5 of the Dungeon
  5594 | D:5      | Found a runed translucent gate.
  5594 | D:5      | Found a runed translucent gate.
  5594 | D:5      | Found a runed translucent gate.
  5596 | D:5      | Noticed Figureslego113's ghost (novice HuFi)
  5600 | D:5      | Reached XP level 7. HP: 41/41 MP: 12/12
  5607 | D:5      | Noticed Pikel
  5623 | D:5      | HP: 1/41 [Pikel/+2 whip of flaming (8)]
  5623 | D:5      | Slain by Pikel

Illustrated notes

Levels and vault maps discovered:
D:1:      dpeg_arrival_chambers_temple_mockup, layout_loops_ring,
          kennysheep_small_spiral, minmay_tromino_mix6
D:2:      layout_rooms, nzn_wu_jian_council_hall, uniq_crazy_yiuf_cottage
D:3:      kennysheep_goblin_castle, layout_basic
D:4:      layout_basic
D:5:      layout_loops_ring, kennysheep_little_box, kennysheep_mini_moat,
          nemelex_xobeh_ov_fountains_minmay, gammafunk_ghost_split,
          makhleb_altar_promises_db, uniq_pikel

Skill      XL: |  1  2  3  4  5  6 |
---------------+-------------------+-----
Short Blades   | 2 3 |  3.1
Stealth        | 5 6 |  6.0
Dodging        | 3 |  3.5
Spellcasting   | 3 |  3.4
Hexes          | 4 |  4.3

Action                   |  1- 3 |  4- 6 |  7- 9 || total
-------------------------+-------+-------+-------++-------
Melee: Dagger            |    58 |   181 |    10 ||   249
       Constrict         |    15 |    50 |     2 ||    67
       Tentacles         |     8 |    29 |     4 ||    41
  Use: Scroll            |       |     6 |       ||     6
       Potion            |       |       |     2 ||     2
 Stab: Sleeping          |    16 |     9 |       ||    25
       Distracted        |       |     3 |       ||     3
Armor: Skin              |     4 |     8 |       ||    12
Dodge: Dodged            |    29 |   138 |     5 ||   172
